Map: Incorporeal LE

Players

LiquidClem (Clem)

  • Race: Terran Terran
  • League: Master
  • Spawn Location: 11:00

SHIN - Winner!

  • Race: Zerg Zerg
  • Spawn Location: 5:00

Event: DreamHack Dallas 2025

VOD

Have the link to the VOD?

Description

Time

  • Played on: May 24, 2025, 5:53 p.m.
  • Length: 6:15

All games in this series

Show
View Real Time Build Order
Export as new Build Order

LiquidClem Terran 

Build Orders: Reaper Expand, Hellion Banshee 

Get SALT Encoding   

  12  0:00  SCV  
  13  0:12  SCV  
  14  0:17  Supply Depot  
  14  0:24  SCV  
  15  0:38  SCV  
  15  0:40  Barracks  
  15  0:42  Refinery  
  16  0:50  SCV  
  17  1:02  SCV  
  18  1:15  SCV  
  19  1:27  Orbital Command, Reaper  
  20  1:36  Command Center  
  20  1:44  Supply Depot  
  20  1:52  SCV  
  21  1:59  Marine  
  22  2:05  SCV  
  22  2:07  Factory  
  23  2:17  SCV  
  23  2:20  Barracks Reactor  
  24  2:29  SCV  
  25  2:37  Command Center  
  25  2:41  SCV  
  26  2:49  Orbital Command  
  26  2:53  SCV  
  27  2:59  Starport  
  27  3:04  Hellion  
  27  3:05  SCV  
  30  3:09  Hellion  
  32  3:13  Refinery  
  32  3:15  SCV  
  32  3:17  SCV  
  34  3:20  Barracks Tech Lab  
  34  3:25  Hellion  
  36  3:27  SCV  
  36  3:29  SCV  
  36  3:33  Hellion  
  40  3:39  SCV  
  41  3:41  SCV  
  41  3:43  Banshee  
  41  3:45  Marine  
  46  3:49  Orbital Command  
  46  3:52  SCV  
  46  3:53  SCV  
  46  3:55  Hellion  
  50  3:57  Hellion  
  50  3:58  Cloaking Field  
  52  4:05  SCV, Supply Depot  
  52  4:07  SCV  
  52  4:08  Barracks Tech Lab  
  54  4:15  SCV  
  55  4:17  SCV  
  55  4:19  SCV  
  57  4:25  Hellion  
  57  4:26  Hellion  
  57  4:27  SCV  
  57  4:29  Banshee  
  57  4:30  SCV  
  66  4:33  Supply Depot  
  66  4:35  Barracks  
  66  4:41  Barracks  
  66  4:42  Orbital Command, SCV  
  66  4:43  SCV  
  68  4:48  Refinery x2  
  68  4:51  Marine  
  69  4:54  SCV  
  69  4:55  Engineering Bay  
  69  4:56  Engineering Bay, Factory Reactor  
  69  4:59  SCV  
  71  5:06  SCV  
  72  5:08  Marine  
  72  5:09  SCV  
  72  5:11  SCV, Supply Depot  
  69  5:25  Marine  
  69  5:26  Marine  
  63  5:29  Marine  
  63  5:35  Orbital Command, Hellion x2  
  46  5:43  Marine  
  46  5:44  Marine, Bunker  
  46  5:46  Marine  
Show
View Real Time Build Order
Export as new Build Order

SHIN Zerg - Winner!

Build Orders: Hatch First 

Get SALT Encoding   

  12  0:00  Drone  
  13  0:08  Drone  
  14  0:16  Overlord  
  14  0:34  Drone x2  
  16  0:44  Hatchery  
  16  0:48  Drone  
  16  0:52  Drone  
  16  0:56  Drone  
  18  1:06  Extractor  
  18  1:10  Spawning Pool  
  16  1:13  Drone  
  16  1:18  Drone  
  18  1:28  Drone  
  19  1:38  Drone  
  20  1:50  Drone  
  21  1:57  Queen  
  21  1:58  Zergling x2  
  24  2:01  Zergling x2  
  24  2:04  Hatchery  
  24  2:07  Zergling x2  
  25  2:15  Queen  
  25  2:20  Overlord  
  27  2:25  Metabolic Boost  
  27  2:28  Drone  
  28  2:39  Drone  
  28  2:40  Drone x3  
  32  2:48  Queen  
  34  2:51  Drone  
  34  2:54  Drone  
  34  2:58  Overlord  
  36  3:13  Overlord  
  36  3:16  Drone x5  
  36  3:18  Drone  
  42  3:22  Drone  
  42  3:24  Drone x3  
  46  3:31  Queen  
  46  3:32  Drone  
  46  3:34  Drone  
  50  3:38  Drone x3  
  53  3:42  Overlord  
  53  3:47  Lair  
  53  3:52  Queen  
  55  3:58  Zergling x6  
  55  4:02  Zergling x6  
  61  4:06  Queen  
  63  4:10  Zergling x6  
  65  4:25  Overlord  
  65  4:26  Zergling x2  
  65  4:28  Overlord x4  
  65  4:35  Overlord  
  64  4:39  Overlord  
  64  4:43  Queen  
  64  4:45  Zergling x10  
  71  4:46  Nydus Network  
  70  4:55  Spore Crawler  
  70  4:56  Zergling x10  
  74  5:01  Zergling x6  
  74  5:02  Zergling x2  
  74  5:04  Zergling x2  
  80  5:07  Zergling x2  
  80  5:12  Zergling x2  
  76  5:18  Zergling x4  
  76  5:19  Queen x2  
  80  5:22  Nydus Canal  
  80  5:23  Zergling x2  
  80  5:26  Zergling x6  
  80  5:27  Zergling x2  
  80  5:28  Zergling x2  
  77  5:37  Nydus Canal  
  77  5:38  Zergling x4  
  77  5:39  Zergling x2  
  82  5:48  Drone x2  
  84  5:50  Drone  
  84  5:51  Extractor  
  84  5:54  Overseer  
Tags
 
Add a new tag
Caveats
  • Supply blocks, unpowered buildings, or Contaminate may cause inaccurate times.
  • Supply counts are checked every 10 seconds.